 Dungeon Crawl Stone Soup version 0.29-a0-1009-g60c99734e7 (webtiles) character file.

Game seed: 15578344028839619298

1350 leavemydog the Thaumaturge (level 8, -1/64 HPs)
             Began as a Deep Elf Conjurer on Aug 8, 2022.
             Succumbed to a water moccasin's poison
             ... on level 6 of the Dungeon.
             The game lasted 00:09:56 (8316 turns).

leavemydog the Thaumaturge (Deep Elf Conjurer)      Turns: 8316, Time: 00:09:56

Health: -1/64      AC:  2    Str:  6    XL:     8   Next: 36%
Magic:  28/32      EV: 12    Int: 24    God:
Gold:   270        SH:  0    Dex: 13    Spells: 13/25 levels left

rFire   . . .      SeeInvis +   n - +0 dagger (venom)
rCold   . . .      Faith    .   (no shield)
rNeg    . . .      Spirit   .   a - +0 robe
rPois   .          Reflect  .   (no helmet)
rElec   .          Harm     .   g - +0 cloak
rCorr   .          Rampage  .   (no gloves)
Will    .....                   (no boots)
Stlth   ..........              (no amulet)
HPRegen 0.20/turn               u - ring of magical power
MPRegen 0.23/turn               (no ring)

@: berserking, lethally poisoned (-1 -> -14), very quick
A: hooves 1, see invisible, deformed body, MP-powered wands
a: no special abilities


You were on level 6 of the Dungeon.
You visited 1 branch of the dungeon, and saw 6 of its levels.
You also visited: Sewer.

You collected 290 gold pieces.
You spent 20 gold pieces at shops.

Inventory:

Hand Weapons
 n - a +0 dagger of venom (weapon)
Missiles
 e - 46 poisoned darts
 i - 5 curare-tipped darts
 t - 4 javelins
Armour
 a - a +0 robe (worn)
 g - a +0 cloak (worn)
Jewellery
 u - a ring of magical power (left hand)
Scrolls
 c - a scroll of torment {unknown}
 d - 2 scrolls of teleportation
 h - a scroll of vulnerability
 m - a scroll of enchant weapon {unknown}
 r - 2 scrolls of butterflies
 s - a scroll of magic mapping {unknown}
 w - a scroll of noise {unknown}
 x - a scroll of identify
Potions
 b - a potion of magic
 f - 5 potions of berserk rage
 j - a potion of brilliance {unknown}
 k - a potion of ambrosia {unknown}
 l - 3 potions of invisibility
 o - a potion of curing {unknown}
 p - a potion of might {unknown}
 q - a potion of lignification {unknown}
 v - 2 potions of haste {unknown}


   Skills:
 - Level 1.0 Fighting
 - Level 2.4 Dodging
 - Level 2.4 Stealth
 - Level 0.1 Unarmed Combat
 + Level 9.0 Spellcasting
 + Level 8.2 Conjurations
 * Level 4.0 Translocations
 * Level 1.8 Air Magic


You had 13 spell levels left.
You knew the following spells:

 Your Spells              Type           Power      Damage    Failure   Level
a - Magic Dart            Conj           100%       1d8       1%          1
b - Searing Ray           Conj           100%       2d8       1%          2
c - Iskenderun's Mystic   Conj/Tloc      40%        2d9       4%          4
d - Lightning Bolt        Conj/Air       17%        1d32      21%         5

Your spell library contained the following spells:

 Spells                   Type           Power      Damage    Failure   Level
 Shock                    Conj/Air       100%       1d9       1%          1
 Dazzling Flash           Conj/Hex       60%        N/A       3%          3
 Ensorcelled Hibernation  Hex/Ice        20%        N/A       9%          2
 Passwall                 Tmut/Erth      8%         N/A       9%          2
 Swiftness                Air            19%        N/A       9%          3
 Fulminant Prism          Conj/Hex       15%        3d11      11%         4
 Airstrike                Air            9%         2d(2-18)  26%         4
 Summon Lightning Spire   Summ/Air       15%        N/A       36%         4


Dungeon Overview and Level Annotations

Branches:
Dungeon (6/15)              Sewer (visited)
 Temple: D:4-7

Altars:
Zin

Shops:
D:4 =?


Innate Abilities, Weirdness & Mutations

You have large cloven feet.
You have supernaturally acute eyesight. (SInv)
Armour fits poorly on your strangely shaped body.
You expend magic power (3 MP) to strengthen your wands.


Message History

x - a scroll of identify
Casting: Magic Dart (safe; 1% risk of failure)
Confirm with . or Enter, or press ? or * to list all spells.
Aiming: Searing Ray (safe; 1% risk of failure)
Press: ? - help, Shift-Dir - straight line, f - water moccasin
Aim: a water moccasin (72% to hit)
The searing ray misses the water moccasin. (Press . to maintain the ray.)
The searing ray misses the water moccasin.
The bullfrog gives a loud, deep croak!
The water moccasin bites you.
You are poisoned.
The water moccasin poisons you!
The searing ray hits the water moccasin!
The water moccasin is moderately wounded.
You feel very sick. The water moccasin bites you.
You are more poisoned.
The water moccasin poisons you!
The searing ray hits the water moccasin.
The water moccasin is heavily wounded.
You finish channelling your searing ray.
You feel very sick. The water moccasin bites you! x2
* * * LOW HITPOINT WARNING * * *
A red film seems to cover your vision as you go berserk!
You feel yourself moving faster!
You feel mighty!
* * * LOW HITPOINT WARNING * * *
You feel very sick.
The water moccasin bites you but does no damage.
You closely miss the water moccasin. You kick the water moccasin.
The water moccasin is severely wounded.
* * * LOW HITPOINT WARNING * * *
You feel sick. The bullfrog hits you.
* * * LOW HITPOINT WARNING * * *
The water moccasin bites you.
* * * LOW HITPOINT WARNING * * *
You miss the water moccasin.
The water moccasin is severely wounded.
You die...

########
#.#..#<####
#...).....#
#.#..#.....#
#.@#..#..#
#.SF..#..#
##.#..[..#
#.#.....#
#........
#.......#
#.# ##.# #.#
.#


You could see a water moccasin and a bullfrog.

Vanquished Creatures
  A water moccasin (D:4)
  An orc warrior (D:5)
  A black bear (D:4)
  An ogre (D:4)
  3 kobold brigands (Sewer)
  4 scorpions
  A necrophage (D:5)
  A hound (D:4)
  4 orc priests
  An orc wizard (D:4)
  An iguana (D:5)
  9 adders
  2 river rats (Sewer)
  An ufetubus (D:3)
  5 worms
  2 dart slugs
  28 orcs
  7 ball pythons
  4 bats (D:1)
  5 endoplasms
  4 giant cockroaches
  9 goblins
  14 hobgoblins
  3 jackals (D:1)
  3 quokkas
  3 frilled lizards
  19 kobolds
  13 rats
150 creatures vanquished.

Vanquished Creatures (others)
  4 plants (D:4)
4 creatures vanquished.

Grand Total: 154 creatures vanquished

Notes
Turn   | Place    | Note
-------+----------+-------------------------------------------
     0 | D:1      | leavemydog the Deep Elf Conjurer began the quest for the
                  | Orb.
     0 | D:1      | Reached XP level 1. HP: 10/10 MP: 6/6
   421 | D:1      | Reached XP level 2. HP: 15/15 MP: 6/8
   456 | D:1      | Learned a level 2 spell: Searing Ray
   559 | D:1      | Reached skill level 5 in Conjurations
  1233 | D:2      | Reached XP level 3. HP: 19/19 MP: 4/9
  2009 | D:3      | Reached XP level 4. HP: 24/24 MP: 8/11
  2029 | D:3      | Learned a level 4 spell: Iskenderun's Mystic Blast
  2176 | D:3      | Gained mutation: Armour fits poorly on your strangely
                  | shaped body. [potion of mutation]
  2176 | D:3      | Gained mutation: You expend magic power (3 MP) to
                  | strengthen your wands. [potion of mutation]
  2176 | D:3      | Gained mutation: You have supernaturally acute eyesight.
                  | (SInv) [potion of mutation]
  2176 | D:3      | Gained mutation: You have large cloven feet. [potion of
                  | mutation]
  2448 | D:3      | Reached skill level 4 in Spellcasting
  2997 | D:4      | Found a glowing drain.
  3029 | Sewer    | Entered a sewer
  3067 | Sewer    | Reached XP level 5. HP: 28/28 MP: 10/14
  3357 | Sewer    | Reached skill level 1 in Translocations
  3486 | Sewer    | Reached skill level 5 in Spellcasting
  3840 | Sewer    | Reached XP level 6. HP: 31/32 MP: 3/16
  4077 | Sewer    | Reached skill level 6 in Spellcasting
  4768 | D:4      | Reached XP level 7. HP: 27/37 MP: 8/19
  4885 | D:4      | Found Syir's Jewellery Shop.
  5030 | D:4      | Reached skill level 7 in Spellcasting
  5406 | D:4      | Found Murchumi's Magic Scroll Shoppe.
  5411 | D:4      | Bought a scroll of identify for 20 gold pieces
  6193 | D:4      | Learned a level 5 spell: Lightning Bolt
  6228 | D:5      | Entered Level 5 of the Dungeon
  6262 | D:4      | Reached skill level 8 in Spellcasting
  6663 | D:5      | Reached skill level 1 in Air Magic
  6663 | D:5      | Reached XP level 8. HP: 11/42 MP: 18/22
  7247 | D:5      | Reached skill level 1 in Fighting
  7581 | D:5      | Reached skill level 9 in Spellcasting
  7698 | D:5      | Found a glowing silver altar of Zin.
  7698 | D:5      | Noticed an angel
  8315 | D:6      | HP: 1/64 [water moccasin (3)]
  8316 | D:6      | Succumbed to a water moccasin's poison

Illustrated notes

Levels and vault maps discovered:
D:1:      matt_arrival_grand_opening, layout_basic, minmay_misc_feat_diagonals
D:2:      kennysheep_big_flooded_room, layout_rooms
D:3:      minmay_diamond_boxcup, layout_rooms
D:4:      corexii_shack_village, layout_basic, serial_shops,
          nicolae_shop_statue_plus, shop, cheibrodos_sewer_entry_drain
D:5:      layout_layer_cave, zin_angel
D:6:      layout_basic, grunt_temple_overflow_open,
          minmay_temple_entry_overgrown, serial_shops, shop, centaur_isle

Skill      XL: |  1  2  3  4  5  6  7  8 |
---------------+-------------------------+-----
Conjurations   | 5 6 7 8 |  8.2
Spellcasting   | 4 5 6 8 9 |  9.0
Translocations | 1 2 3 4 |  4.0
Air Magic      | 1 |  1.8
Fighting       | 1 |  1.0
Dodging        | |  2.4
Stealth        | |  2.4
Unarmed Combat | |  0.1

Action                   |  1- 3 |  4- 6 |  7- 9 || total
-------------------------+-------+-------+-------++-------
Melee: Unarmed           |     2 |       |       ||     2
       Dagger            |       |       |     2 ||     2
       Kick              |       |       |     1 ||     1
 Cast: Magic Dart        |    84 |   173 |   142 ||   399
       Searing Ray       |       |     3 |     8 ||    11
  Use: Scroll            |     2 |     2 |     2 ||     6
       Potion            |       |     1 |     3 ||     4
Armor: Robe              |     2 |       |    10 ||    12
Dodge: Dodged            |     4 |    13 |    37 ||    54

Table legend: (Time is in decaauts)
 A = Elapsed time spent in this place.
 B = Non-inter-level travel time spent in this place.
 C = Inter-level travel time spent in this place.
 D = Time resting spent in this place.
 E = Time spent auto-exploring this place.
 F = Levels seen in this place.
 G = Mean time per level.
                   A        B        C        D        E       F      G
               +--------+--------+--------+--------+--------+-----+--------+
         Total |   8463 |   8267 |    196 |   2769 |   4659 |   7 | 1209.0 |
       Dungeon |   6932 |   6736 |    196 |   2159 |   3899 |   6 | 1155.3 |
         Sewer |   1530 |   1530 |      0 |    610 |    759 |   1 | 1530.0 |
               +--------+--------+--------+--------+--------+-----+--------+

Top non-repeatable levels by time:
     D:4: 2193 daAuts
     D:5: 1817 daAuts
   Sewer: 1530 daAuts
     D:1: 1228 daAuts
     D:3: 965 daAuts
     D:2: 717 daAuts
     D:6: 11 daAuts
